AoeStats
← crtolino93

Arabia

504498769Analyzed
2v2 RM · 27d ago on Sep 5, 2026· 48m 27s· 4 players
Game mode
Random Map
Map size
Medium (4 player)
Population
200
Speed
Normal
Resources
Standard
Victory
Conquest
Starting age
Dark Age
Ending age
Imperial Age
RankedLock teamsTeams togetherTeam positionsShared explorationLock speedFull tech treeHidden civsTurbo modeCheats
Victory
Defeat
🇸🇮 Ethiopians · Slovenia
1092
+14
🇨🇴 Saracens · Colombia
1051
+15
🇹🇼 Mongols · Taiwan
1081
-16
🇹🇼 Vietnamese · Taiwan
1000
-40
archarry86
6:14 Loom
9:22 Feudal Age
14:37 Horse Collar
15:27 Fletching
18:22 Wheelbarrow
21:09 Castle Age
19:44 Gold Mining
21:49 Double-Bit Axe
22:25 Padded Archer Armor
22:20 Bodkin Arrow
23:09 Bow Saw
22:26 Crossbowman
24:39 Padded Archer Armor
32:15 Scale Barding Armor
32:21 Forging
32:27 Leather Archer Armor
32:54 Bloodlines
32:44 Husbandry
33:34 Hand Cart
33:07 Town Watch
37:44 Imperial Age
37:21 Heavy Plow
39:26 Chemistry
39:52 Heavy Camel Rider
40:53 Chain Barding Armor
41:08 Iron Casting
40:34 Bracer
40:36 Scale Mail Armor
40:56 Light Cavalry
43:16 Conscription
44:27 Plate Barding Armor
46:23 Hussar
47:24 Arbalester
48:09 Thumb Ring
crtolino93
2:22 Loom
11:46 Feudal Age
12:35 Double-Bit Axe
12:35 Horse Collar
16:26 Fletching
18:04 Padded Archer Armor
23:58 Castle Age
22:52 Gold Mining
24:47 Wheelbarrow
23:59 Crossbowman
24:38 Bodkin Arrow
25:24 Leather Archer Armor
28:05 Bow Saw
29:26 Gold Shaft Mining
34:53 Hand Cart
34:46 Heavy Plow
35:04 Scale Mail Armor
37:39 Forging
37:45 Chain Mail Armor
38:55 Iron Casting
39:03 Ballistics
39:09 Town Watch
42:11 Imperial Age
39:10 Elite Skirmisher
42:57 Thumb Ring
43:10 Bracer
42:36 Arbalester
44:33 Conscription
45:02 Conscription
47:24 Ring Archer Armor
48:00 Two-Man Saw
timothy023151
9:57 Feudal Age
10:15 Loom
13:15 Double-Bit Axe
22:29 Wheelbarrow
27:21 Castle Age
26:52 Fletching
28:49 Pikeman
29:35 Elite Skirmisher
31:32 Bodkin Arrow
44:59 Bow Saw
JIMPA
11:20 Feudal Age
11:07 Loom
12:35 Double-Bit Axe
20:44 Castle Age
23:06 Bow Saw
24:51 Wheelbarrow
24:40 Thumb Ring
24:42 Gold Mining
28:22 Horse Collar
29:23 Fletching
30:18 Elite Skirmisher
32:28 Thumb Ring
36:14 Bodkin Arrow
39:13 Ballistics
39:14 Town Watch
41:10 Hand Cart
44:07 Imperial Age
42:02 Heavy Plow
43:06 Stone Mining
46:10 Imperial Skirmisher
47:10 Bracer
Connection lost

Rejoining the realm…

Still unreachable

The connection could not be restored.

Session expired

The server has moved on; the page needs a fresh start.